 Dungeon Crawl Stone Soup version 0.28.0-45-g0d030f2227 (webtiles) character file.

Game seed: 13544764649875444055

718 seaoflcl the Slasher (level 8, -3/52 (61) HPs)
             Began as a Human Fighter on Apr 10, 2022.
             Was a Believer of Trog.
             Frozen to death by an endoplasm (5 damage)
             ... on level 3 of the Dungeon.
             The game lasted 00:07:03 (4168 turns).

seaoflcl the Slasher (Human Fighter)                Turns: 4168, Time: 00:07:03

HP:   -3/52 (61)    AC:  9    Str: 19    XL:     8   Next: 1%
MP:   8/8           EV: 10    Int:  9    God:    Trog [**....]
Gold: 103           SH:  5    Dex: 12    Spells: 7/7 levels left

rFire   . . .      SeeInvis .   a - +0 long sword
rCold   . . .      Faith    .   c - +0 buckler
rNeg    . . .      Spirit   .   b - +0 scale mail
rPois   .          Reflect  .   l - +2 hat
rElec   .          Harm     .   (no cloak)
rCorr   .          Rampage  .   (no gloves)
Will    .....                   (no boots)
Stlth   ..........              (no amulet)
HPRegen 0.17/turn               (no ring)
MPRegen 0.11/turn               (no ring)

@: on berserk cooldown, slowed, heavily drained, very slow
A: no striking features
a: Renounce Religion, Berserk, Trog's Hand


You were on level 3 of the Dungeon.
You worshipped Trog.
Trog was pleased with you.
You visited 1 branch of the dungeon, and saw 4 of its levels.

You collected 103 gold pieces.

Inventory:

Hand Weapons
 a - a +0 long sword (weapon)
 o - a +0 hunting sling
 q - a +1 whip of distortion
 v - a +0 spectral club
Missiles
 g - 40 sling bullets
 n - 2 throwing nets (quivered)
Armour
 b - a +0 scale mail (worn)
 c - a +0 buckler (worn)
 h - a +0 helmet
 l - a +2 hat (worn)
Magical Staves
 r - a staff of earth
Jewellery
 k - a ring of resist corrosion
 s - a ring of ice
Wands
 u - a wand of paralysis (2)
Scrolls
 e - 2 scrolls of enchant weapon {unknown}
 i - a scroll of vulnerability {unknown}
 m - a scroll of amnesia {unknown}
 t - a scroll of blinking {unknown}
Potions
 d - a potion of might
 f - 2 potions of mutation
 j - a potion of haste
 p - a potion of ambrosia {unknown}
 w - a potion of resistance {unknown}


   Skills:
 + Level 4.6 Fighting
 + Level 5.2 Long Blades
 + Level 4.8 Armour
 + Level 2.5 Dodging
 + Level 0.1 Stealth
 + Level 4.0 Shields


You had 7 spell levels left.
You didn't know any spells.
Your spell library was empty.

Dungeon Overview and Level Annotations

Branches:
Dungeon (4/15)
 Temple: D:4-7

Altars:
Qazlal
Trog

Shops:
D:2 [   D:4 *=


Message History

The gnoll hits you but does no damage.
Things that are here:
a +1 whip of draining; a ball python corpse You barely miss the gnoll.
The endoplasm quivers.
The gnoll hits you but does no damage.
You slash the gnoll!
You kill the gnoll!
Trog accepts your kill.
The gnoll hits you from afar with a +0 spear.
* * * LOW HITPOINT WARNING * * *
Your Shields skill increases to level 4!
You have reached level 8!
You feel stronger.
You slash the orc!
You kill the orc!
Trog accepts your kill. The gnoll hits you but does no damage.
You hit the gnoll.
The gnoll is lightly wounded.
The gnoll hits you with a +0 spear!
* * * LOW HITPOINT WARNING * * *
You barely miss the gnoll.
The gnoll is lightly wounded.
You block the gnoll's attack.
You slash the gnoll!
The gnoll is severely wounded.
You block the gnoll's attack.
You closely miss the gnoll.
The gnoll is severely wounded.
You hit the gnoll.
You kill the gnoll!
Trog accepts your kill.
You are no longer berserk.
You are exhausted.
You feel yourself slow down. You block the endoplasm's attack.
You see here a +0 spear.
The endoplasm freezes you.
You are frozen.
You die...

..# ......!#..#
....g.. ...
....g. #..
#.... #..
#...##..##
..##...g....#
#......####$###
#...)).J@..#
############


You could see an endoplasm.

Vanquished Creatures
  A necrophage (D:4)
  A sky beast (D:4)
  A phantom (D:3)
  2 scorpions (D:4)
  A water moccasin skeleton (D:4)
  A hound (D:4)
  A gnoll shaman (D:4)
  An iguana (D:4)
  Ijyb (D:4)
  10 gnolls
  4 adders
  A worm (D:4)
  A dart slug (D:1)
  2 orcs
  7 endoplasms
  A giant cockroach (D:2)
  2 hobgoblins
  2 jackals (D:2)
  A kobold (D:4)
  2 quokkas
  7 ball pythons
  5 bats
  4 goblins
59 creatures vanquished.

Notes
Turn   | Place    | Note
-------+----------+-------------------------------------------
     0 | D:1      | seaoflcl the Human Fighter began the quest for the Orb.
     0 | D:1      | Reached XP level 1. HP: 18/18 MP: 1/1
   512 | D:1      | Reached XP level 2. HP: 22/24 MP: 2/2
   578 | D:1      | Found a faded altar of an unknown god.
   589 | D:1      | Prayed at the altar of an unknown god.
   589 | D:1      | Became a worshipper of Trog the Wrathful
   589 | D:1      | Reached * piety under Trog
   798 | D:2      | HP: 1/24 [frozen (3)]
  1029 | D:2      | Found Yhuevock's Antique Armour Shop.
  1037 | D:2      | Reached XP level 3. HP: 29/29 MP: 3/3
  1674 | D:3      | Noticed a phantom
  1717 | D:4      | Reached skill level 3 in Long Blades
  1717 | D:4      | Reached XP level 4. HP: 17/35 MP: 4/4
  1719 | D:4      | HP: 2/52 [gnoll/+0 halberd (8)]
  1723 | D:4      | Reached skill level 1 in Dodging
  1725 | D:4      | Reached XP level 5. HP: 3/41 MP: 5/5
  2146 | D:4      | Reached skill level 4 in Long Blades
  2146 | D:4      | Reached XP level 6. HP: 14/47 MP: 6/6
  2512 | D:4      | Found Tethraul's Jewellery Emporium.
  2537 | D:4      | Found Plog's Gadget Gallery.
  2959 | D:4      | Reached ** piety under Trog
  2960 | D:4      | Reached XP level 7. HP: 18/55 MP: 7/7
  3232 | D:4      | Noticed a fire elemental
  3232 | D:4      | Noticed Ijyb
  3233 | D:4      | Found a stormy altar of Qazlal.
  3240 | D:4      | Paralysed by Ijyb for 6 turns
  3248 | D:4      | Killed Ijyb
  3249 | D:4      | Noticed a water elemental
  3249 | D:4      | Noticed an air elemental
  3924 | D:4      | Reached skill level 5 in Long Blades
  4160 | D:3      | Reached XP level 8. HP: 10/52 MP: 8/8
  4162 | D:3      | HP: 2/78 [gnoll/+0 spear (8)]
  4168 | D:3      | Frozen to death by an endoplasm

Illustrated notes

Levels and vault maps discovered:
D:1:      beargit_arrival_greenhouse, layout_rooms,
          shapermc_ecumenical_altar_totnotflames
D:2:      layout_rooms, serial_shops, shop
D:3:      layout_rooms, mainiacjoe_overflow_brackets
D:4:      layout_rooms, nicolae_qazlal_style_of_elements, serial_shops, shop,
          nrook_uturn, nicolae_shop_gadgets, uniq_ijyb

Skill      XL: |  1  2  3  4  5  6  7 |
---------------+----------------------+-----
Long Blades    | 3 4 5 |  5.2
Dodging        | 1 2 |  2.5
Fighting       | 4 |  4.6
Armour         | 4 |  4.8
Shields        | 4 |  4.0
Stealth        | |  0.1

Action                   |  1- 3 |  4- 6 |  7- 9 || total
-------------------------+-------+-------+-------++-------
Melee: Long sword        |    69 |    75 |    98 ||   242
Invok: Berserk           |     2 |       |     1 ||     3
       Trog's Hand       |       |       |     1 ||     1
  Use: Potion            |     2 |       |       ||     2
       Scroll            |     2 |       |       ||     2
Armor: Scale mail        |    45 |    30 |    42 ||   117
Dodge: Dodged            |    52 |    36 |    32 ||   120
Block: Buckler           |    18 |    15 |    22 ||    55
